 Seeded DCSS version 0.31-a0-1469-gd420192249 (webtiles) character file.

Game seed: 16090307882996012164 (custom seed)

104498 thriggle the Fighter (level 16, -3/131 HPs)
             Began as a Barachi Fighter on Dec 28, 2023.
             Was the Champion of Makhleb.
             Slain by Arachne
             ... wielding a staff of alchemy
              (9 damage)
             ... on level 2 of the Spider Nest on Dec 29, 2023.
             The game lasted 01:56:04 (20653 turns).

thriggle the Fighter (Barachi Fighter)             Turns: 20653, Time: 01:56:05

Health: -3/131     AC: 37    Str: 19 (21) XL:     16   Next: 38%
Magic:  23/23      EV: 17    Int: 11      God:    Makhleb [******]
Gold:   1818       SH: 12    Dex: 16      Spells: 15/15 levels left

rFire   + . .        a - +9 lance "Wyrmbane" {slay drac, rPois rF+ rC+ AC+3}
rCold   + . .        R - +0 kite shield
rNeg    . . .        A - +4 steam dragon scales
rPois   +            T - +2 helmet {SInv}
rElec   .            K - +2 cloak {rCorr}
rCorr   +            m - +2 pair of gloves
SInv    +            k - +2 pair of boots
Will    +....        S - amulet of regeneration
Stlth   ++++++       n - +4 ring of protection
HPRegen 1.21/turn    B - ring of Okawaru, Teaching {AC+4 Slay+4}
MPRegen 0.18/turn

%: no passive effects
@: studying Staves, slow
A: amphibious, slowness 1, strong legs 2, +LOS, thin skeletal structure 1, wild
magic 1
a: Hop, Renounce Religion, Minor Destruction, Lesser Servant of Makhleb, Major
Destruction, Greater Servant of Makhleb


You were on level 2 of the Spider Nest.
You worshipped Makhleb.
Makhleb was exalted by your worship.
You visited 4 branches of the dungeon, and saw 22 of its levels.

You collected 2046 gold pieces.
You spent 228 gold pieces at shops.

Inventory:

Hand Weapons
 a - the +9 lance "Wyrmbane" (weapon) {slay drac, rPois rF+ rC+ AC+3}
   (You took it off Maggie on level 8 of the Dungeon)

   AC+3:      It affects your AC (+3).
   rF+:       It protects you from fire.
   rC+:       It protects you from cold.
   rPois:     It protects you from poison
 D - the +7 trident "Voikydd" {flame, *Rage rCorr Int-4 SInv}
   (You found it on level 7 of the Dungeon)

   Int-4:     It affects your intelligence (-4).
   SInv:      It lets you see invisible.
   *Rage:     It berserks you when you make melee attacks (+20% chance).
   rCorr:     It protects you from acid and corrosion.
 L - a +8 demon trident of draining
Missiles
 e - 4 atropa-tipped darts
 l - 10 curare-tipped darts
 s - 17 poisoned darts (quivered)
 I - 9 boomerangs
 J - a throwing net
Armour
 k - a +2 pair of boots (worn)
 m - a +2 pair of gloves (worn)
 A - +4 steam dragon scales (worn)
 K - a +2 cloak of preservation (worn)
 R - a +0 kite shield (worn)
 T - a +2 helmet of see invisible (worn)
Jewellery
 g - a +6 ring of strength
 n - a +4 ring of protection (left hand)
 r - a ring of wizardry
 w - an amulet of guardian spirit
 y - a +6 ring of intelligence
 B - the ring of Okawaru, Teaching (right hand) {AC+4 Slay+4}
   (You found it on level 7 of the Dungeon)

   [ring of protection]

   AC+4:      It affects your AC (+4).
   Slay+4:    It affects your accuracy & damage with ranged weapons and melee
   (+4).
 H - a ring of protection from cold
 M - a ring of resist corrosion
 N - a ring of see invisible
 Q - a +6 ring of strength
 S - an amulet of regeneration (around neck)
Wands
 b - a wand of light (3)
 f - a wand of charming (9)
 q - a wand of mindburst (13)
 F - a wand of flame (20)
 G - a wand of polymorph (11)
 U - a wand of iceblast (8)
 W - a wand of digging (4)
Scrolls
 c - a scroll of fog
 o - 6 scrolls of identify
 t - a scroll of amnesia
 v - 5 scrolls of immolation
 x - 2 scrolls of revelation
 E - 6 scrolls of teleportation
 X - a scroll of silence
 Z - 2 scrolls of poison
Potions
 d - 2 potions of might
 h - 3 potions of haste
 i - 2 potions of invisibility
 j - 4 potions of mutation
 p - 5 potions of enlightenment
 u - 5 potions of attraction
 z - 3 potions of brilliance
 C - 5 potions of lignification
 O - a potion of cancellation
 P - 3 potions of curing
 V - a potion of berserk rage
 Y - 2 potions of heal wounds


   Skills:
 + Level 13.3 Fighting
 + Level 11.0 Polearms
 + Level 10.7 Throwing
 + Level 13.1 Armour
 + Level 11.2 Dodging
 + Level 10.3 Stealth
 + Level 11.7 Shields
 + Level 9.4 Invocations


You had 15 spell levels left.
You didn't know any spells.
Your spell library contained the following spells:

 Spells                   Type           Power      Damage    Failure   Level
 Freeze                   Ice            0%         1d3       63%         1
 Scorch                   Fire           0%         2d5       75%         2
 Sublimation of Blood     Necr           0%         N/A       75%         2
 Dazzling Flash           Conj/Hex       0%         N/A       92%         3
 Frozen Ramparts          Ice            0%         1d1       92%         3
 Hailstorm                Conj/Ice       0%         3d5       92%         3
 Mephitic Cloud           Conj/Alch/Air  0%         N/A       92%         3
 Animate Armour           Summ/Erth      0%         N/A       100%        4
 Flame Wave               Conj/Fire      0%         2d4       100%        4
 Manifold Assault         Tloc           0%         N/A       100%        4
 Petrify                  Alch/Erth      0%         N/A       100%        4
 Summon Lightning Spire   Summ/Air       0%         N/A       100%        4
 Curse of Agony           Necr           0%         N/A       100%        5
 Irradiate                Conj/Alch      0%         3d11      100%        5
 Lee's Rapid Deconstruct  Erth           0%         3d4*      100%        5
 Silence                  Hex/Air        0%         N/A       100%        5
 Dispersal                Tloc           0%         N/A       100%        6
 Summon Cactus Giant      Summ           0%         N/A       100%        6
 Disjunction              Tloc           0%         N/A       100%        8


Dungeon Overview and Level Annotations

Branches:
Dungeon (14/15)            Temple (0/1) D:4            Lair (5/5) D:9
  Swamp (1/4) Lair:2       Spider (2/4) Lair:2        Slime (0/5) Lair:4
    Orc (0/2) D:9
 Vaults: D:13-14

Altars:
Gozag
Makhleb
Qazlal
Vehumet
Wu Jian
Xom
Yredelemnul
Jiyva

Shops:
D:2 =   D:4 !   D:13 [

Annotations:
D:10 2 runed translucent doors, Stellion's ghost, journeyman GrFE
D:14 1 runed translucent door, MrSquiggles's ghost, journeyman DsWn
Spider:2 Arachne


Innate Abilities, Weirdness & Mutations

You are amphibious.
You cover ground slowly.
You can hop long distances.
You have an extended range of vision and can be seen from far away.
You have a somewhat thin skeletal structure. (Dex +2, Stealth+)
Your spells are a little harder to cast, but a little more powerful.


Message History

The vampire mosquito barely misses you.
Arachne stares at you and mumbles some strange words.
The bolt of poison hits you.
You are poisoned.
You resist.
The vampire mosquito bites you but does no damage.
Arachne points her staff at you, shooting a stream of webbing.
The stream of webbing hits you but does no damage.
You are even more entangled.
The web tears apart.
You feel very sick. The vampire mosquito misses you.
Arachne hits you but does no damage. Arachne envenoms you.
You are more poisoned.
The vampire mosquito bites you but does no damage.
You hit Arachne.
Arachne is almost dead.
You feel very sick.
The vampire mosquito completely misses you.
Arachne hits you with a staff of alchemy!
Arachne envenoms you!
* * * LOW HITPOINT WARNING * * *
You feel better.
The vampire mosquito bites you but does no damage.
Arachne hits you with a staff of alchemy!
* * * LOW HITPOINT WARNING * * *
You block the vampire mosquito's attack.
Arachne hits you with a staff of alchemy!
* * * LOW HITPOINT WARNING * * *
Arachne envenoms you.
* * * LOW HITPOINT WARNING * * *
Okay, then.
Okay, then.
Okay, then.
A demon appears!
You block the vampire mosquito's attack.
The wolf spider barely misses you. The wolf spider misses you.
Arachne hits you but does no damage. Arachne envenoms you!
You die...
Arachne says, "All wrapped up."

##.....# ### # #####
##...## ..(.
###...#### ##..###
##.....
...###...######^.##
###(...... ####
###...##...##
##......(..
###†.....#
##<(..(((..$
##.(..(#
#....$......
##...H##............
#
###..@[......?.....
# #.ys2............
# ##.s.#..(........
# ##..####........
##..# #####... ##..
### #.. #. #.


You could see Arachne, a demonic crawler, a wolf spider (ally target), a vampire
mosquito and a friendly blizzard demon (summoned).

Vanquished Creatures
  Gastronok (D:8)
  A ghost moth (Spider:2)
  Nessos (Lair:5)
  A bunyip (Swamp:1)
  5 hydras
  A rakshasa (D:13)
  A jorogumo (Spider:1)
  4 centaur warriors
  3 catoblepae
  4 boulder beetles
  6 two-headed ogres
  A deep troll shaman (Lair:5)
  A death scarab (Spider:2)
  2 alligators
  15 death yaks
  Sonja (D:10)
  3 pharaoh ants
  A skyshark (Lair:4)
  Lodul (D:10)
  2 goliath frogs (Swamp:1)
  4 orb spiders
  2 steelbarb worms (Spider:2)
  A bog body (Swamp:1)
  A sun moth (Spider:1)
  A swamp dragon (Swamp:1)
  An orc knight (D:13)
  4 wolf spiders
  5 ugly things
  2 manticores
  5 cyclopes
  An ice statue (D:12)
  3 meliai (Spider:2)
  27 elephants
  8 black mambas
  2 torpor snails (Spider:2)
  12 cane toads
  Maggie (D:8)
  4 gargoyles
  A kobold demonologist (D:12)
  2 rime drakes (Lair:5)
  An unseen horror (D:12)
  A yaktaur (D:14)
  9 komodo dragons
  4 trolls
  A merfolk (D:9)
  7 polar bears
  3 hornets
  4 tarantellas
  26 blink frogs
  12 jumping spiders
  A shadow (D:13)
  3 wraiths
  28 yaks
  8 culicivoras
  4 wyverns
  5 slime creatures (D:12)
  4 basilisks
  A vampire (D:12)
  10 humans (D:14)
  Eustachio (D:6)
  15 redbacks
  Grum (D:8)
  A steam dragon (D:6)
  Edmund (D:6)
  A swamp worm (Swamp:1)
  27 water moccasins
  5 acid dragons
  Duvessa (D:6)
  5 black bears
  8 orc warriors
  2 sky beasts
  An ice beast (D:4)
  11 ogres
  18 wolves
  12 centaurs
  A phantom (D:5)
  A kobold brigand (D:10)
  A wyvern zombie (D:7)
  A gnoll sergeant (D:9)
  12 bullfrogs
  A necrophage (D:7)
  Blork the orc (D:6)
  5 scorpions
  Dowan (D:6)
  33 wights
  2 bullfrog zombies (D:7)
  9 howler monkeys
  A centaur zombie (D:7)
  A human zombie (D:7)
  9 orc priests
  3 hounds (D:5)
  2 jellies
  2 sleepcaps
  3 gnoll boudas
  2 iguanas
  6 orc wizards
  2 killer bee zombies (D:7)
  2 howler monkey zombies (D:7)
  22 gnolls
  7 adders
  A white imp (D:7)
  3 ufetubi (D:6)
  3 worms
  11 dart slugs (D:4)
  40 orcs
  7 ball pythons
  6 bats
  6 endoplasms
  3 giant cockroaches
  9 hobgoblins
  6 jackals (D:1)
  3 quokkas
  5 frilled lizards
  4 goblins
  16 kobolds
  3 rats
640 creatures vanquished.

Vanquished Creatures (collateral kills)
  Aizul (Spider:1)
  A demonic crawler (Spider:1)
  An orc knight (D:14)
  A jumping spider (Spider:1)
  6 humans (D:14)
  2 redbacks (Spider:1)
  2 centaurs (D:14)
14 creatures vanquished.

Vanquished Creatures (others)
  An orb spider (Spider:1)
  An ufetubus (D:6)
2 creatures vanquished.

Grand Total: 656 creatures vanquished

Notes
Turn   | Place    | Note
-------+----------+-------------------------------------------
     0 | D:1      | thriggle the Barachi Fighter began the quest for the Orb.
     0 | D:1      | Reached XP level 1. HP: 18/18 MP: 1/1
   131 | D:1      | Reached XP level 2. HP: 25/25 MP: 2/2
   196 | D:1      | Reached XP level 3. HP: 14/30 MP: 3/3
   540 | D:1      | Gained mutation: Your spells are a little harder to cast,
                  | but a little more powerful. [potion of mutation]
   540 | D:1      | Gained mutation: You have a somewhat thin skeletal
                  | structure. (Dex +2, Stealth+) [potion of mutation]
   551 | D:2      | Found a radiant altar of Vehumet.
   607 | D:2      | Reached skill level 1 in Dodging
   957 | D:2      | Reached XP level 4. HP: 35/37 MP: 4/4
   965 | D:2      | Reached skill level 1 in Stealth
  1191 | D:2      | Found a faded altar of an unknown god.
  1200 | D:2      | Prayed at the altar of an unknown god.
  1200 | D:2      | Became a worshipper of Makhleb the Destroyer
  1200 | D:2      | Reached * piety under Makhleb
  1225 | D:2      | Found Xusyledi's Jewellery Emporium.
  1347 | D:3      | Reached skill level 1 in Throwing
  2230 | D:4      | Noticed an ogre
  2230 | D:4      | Found Baunaude's Distillery.
  2243 | D:4      | Killed an ogre
  2244 | D:4      | Reached XP level 5. HP: 20/43 MP: 5/5
  2311 | D:4      | Bought a potion of degeneration for 11 gold pieces
  2399 | D:4      | Noticed an ice beast
  2479 | D:4      | Reached XP level 6. HP: 35/49 MP: 6/6
  2549 | D:4      | Reached skill level 1 in Invocations
  2587 | D:4      | Found a staircase to the Ecumenical Temple.
  2621 | D:4      | Reached ** piety under Makhleb
  2857 | D:4      | Killed an ice beast
  2858 | D:4      | Reached skill level 5 in Fighting
  2858 | D:4      | Reached XP level 7. HP: 56/56 MP: 6/8
  2928 | D:4      | Found a shimmering altar of Xom.
  2928 | D:4      | Found an ornate altar of the Wu Jian Council.
  3249 | D:5      | Entered Level 5 of the Dungeon
  3354 | D:5      | Reached skill level 5 in Armour
  3539 | D:5      | Upgraded the game from 0.31-a0-1447-g87ca8d402b to
                  | 0.31-a0-1469-gd420192249
  4037 | D:6      | Reached XP level 8. HP: 49/63 MP: 9/9
  4416 | D:6      | Reached skill level 5 in Shields
  4553 | D:6      | Noticed Edmund
  4575 | D:6      | Noticed Blork the orc
  4583 | D:6      | Killed Blork the orc
  4583 | D:6      | Noticed Duvessa
  4689 | D:6      | Noticed Dowan
  4694 | D:6      | Killed Duvessa
  4695 | D:6      | Reached XP level 9. HP: 69/69 MP: 11/11
  4697 | D:6      | Killed Dowan
  4697 | D:6      | Noticed Eustachio
  4787 | D:6      | Found a stormy altar of Qazlal.
  4971 | D:6      | Killed Eustachio
  5084 | D:6      | Killed Edmund
  5084 | D:6      | Reached *** piety under Makhleb
  5264 | D:7      | Identified the ring of Okawaru, Teaching {AC+4 Slay+4}
  5348 | D:7      | Identified the +7 trident "Voikydd" {flame, *Rage rCorr
                  | Int-4 SInv}
  5394 | D:7      | Reached skill level 5 in Polearms
  5723 | D:7      | Reached skill level 5 in Dodging
  5723 | D:7      | Reached XP level 10. HP: 79/79 MP: 12/12
  5723 | D:7      | Found a basalt altar of Yredelemnul.
  5758 | D:7      | Reached **** piety under Makhleb
  6131 | D:8      | Noticed Maggie
  6149 | D:8      | Killed Maggie
  6150 | D:8      | Reached skill level 5 in Throwing
  6295 | D:8      | Noticed Gastronok
  6298 | D:8      | Noticed Grum
  6312 | D:8      | Reached skill level 5 in Stealth
  6319 | D:8      | Killed Grum
  6337 | D:8      | Noticed a red ugly thing
  6349 | D:7      | Killed a red ugly thing
  6546 | D:8      | Killed Gastronok
  6571 | D:8      | Reached XP level 11. HP: 86/86 MP: 14/14
  6766 | D:8      | Noticed a two-headed ogre
  6788 | D:8      | Killed a two-headed ogre
  6874 | D:8      | Reached skill level 5 in Invocations
  7637 | D:9      | Reached ***** piety under Makhleb
  7701 | D:9      | Noticed a two-headed ogre
  7712 | D:9      | Killed a two-headed ogre
  7914 | D:9      | Found a staircase to the Orcish Mines.
  8132 | D:9      | Found a stormy altar of Qazlal.
  8197 | D:9      | Found a staircase to the Lair.
  8343 | D:9      | Found a burning altar of Makhleb.
  8383 | D:9      | Identified a scroll of acquirement
  8383 | D:9      | Acquired a +3 demon trident of draining
  8395 | D:9      | Found an opulent altar of Gozag.
  8546 | D:10     | Entered Level 10 of the Dungeon
  8569 | D:10     | Noticed Sonja
  8582 | D:10     | Killed Sonja
  8808 | D:10     | Noticed Lodul
  8808 | D:10     | Noticed a two-headed ogre
  8850 | D:10     | Killed Lodul
  8851 | D:10     | Reached XP level 12. HP: 43/95 MP: 7/16
  9024 | D:10     | Noticed a two-headed ogre
  9037 | D:10     | Killed a two-headed ogre
  9384 | D:10     | Found a runed translucent door.
  9385 | D:10     | Noticed a lich
  9385 | D:10     | Noticed a centaur warrior
  9385 | D:10     | Noticed a great orb of eyes
  9389 | D:10     | Noticed Stellion's ghost (journeyman GrFE)
  9398 | D:10     | Found a runed translucent door.
  9439 | D:10     | Killed a two-headed ogre
  9763 | D:11     | Noticed a two-headed ogre
  9772 | D:11     | Killed a two-headed ogre
 10021 | D:11     | Noticed a two-headed ogre
 10032 | D:11     | Killed a two-headed ogre
 10644 | D:11     | You fall into a shaft and drop 3 floors!
 10644 | D:14     | Found a runed translucent door.
 10645 | D:14     | Noticed MrSquiggles's ghost (journeyman DsWn)
 10645 | D:14     | Noticed a centaur warrior
 10660 | D:14     | Killed a centaur warrior
 10669 | D:14     | Reached ****** piety under Makhleb
 10676 | D:14     | Reached skill level 10 in Fighting
 10677 | D:14     | Noticed a six-headed hydra
 10687 | D:14     | Noticed a centaur warrior
 10707 | D:14     | Killed a six-headed hydra
 10708 | D:14     | Killed a centaur warrior
 10720 | D:14     | Reached skill level 10 in Armour
 10737 | D:14     | Noticed a centaur warrior
 10744 | D:14     | Gained mutation: You can hop long distances. [Barachi
                  | growth]
 10744 | D:14     | Reached XP level 13. HP: 20/103 MP: 5/17
 10968 | D:13     | Noticed a rakshasa
 10998 | D:13     | Killed a rakshasa
 13100 | D:13     | Found Kehe's Antique Armour Shop.
 13110 | D:13     | Bought a shiny helmet for 217 gold pieces
 13532 | Lair:1   | Entered Level 1 of the Lair of Beasts
 13604 | Lair:1   | Reached XP level 14. HP: 112/113 MP: 19/19
 13788 | Lair:1   | Reached skill level 10 in Shields
 14638 | Lair:2   | Found a hole to the Spider Nest.
 14653 | Lair:2   | Found a staircase to the Swamp.
 16376 | Lair:4   | Reached skill level 10 in Dodging
 16477 | Lair:4   | Reached XP level 15. HP: 120/120 MP: 21/21
 16549 | Lair:4   | Found a viscous altar of Jiyva.
 16551 | Lair:4   | Found a staircase to the Slime Pits.
 16790 | Lair:4   | Reached skill level 10 in Polearms
 17020 | Lair:5   | Entered Level 5 of the Lair of Beasts
 17528 | Lair:5   | Reached skill level 10 in Throwing
 17577 | Lair:5   | Noticed Nessos
 17595 | Lair:5   | Killed Nessos
 18705 | Swamp:1  | Entered Level 1 of the Swamp
 18781 | Spider:1 | Entered Level 1 of the Spider Nest
 18916 | Spider:1 | Reached skill level 10 in Stealth
 19079 | Spider:1 | Reached XP level 16. HP: 130/130 MP: 22/22
 19397 | Spider:1 | Identified the serpent talisman of the Heavens {Str+2}
 19397 | Spider:1 | Noticed Aizul
 19418 | Spider:1 | Killed Aizul
 19789 | Spider:2 | Noticed Arachne
 20358 | Spider:2 | Identified the +9 glaive of the Blushing Eel {freeze,
                  | rElec}
 20653 | Spider:2 | Slain by Arachne

Illustrated notes

Levels and vault maps discovered:
D:1:      minmay_arrival_arboretum_small, layout_rooms
D:2:      wander_river, layout_basic, shapermc_ecumenical_altar_mp_highgroup,
          serial_shops, nicolae_shop_gaudy_bauble, basic_altar,
          grunt_ministairs_3
D:3:      layout_loops_corners, serial_bayou_lagoon_b
D:4:      kennysheep_slugbush, layout_basic, nicolae_overflow_two_pavilions,
          minmay_temple_entry_butterflies, nicolae_stop_n_shop_1
D:5:      layout_loops_ring, minmay_hedge_maze
D:6:      layout_gridville, nicolae_qazlal_scattered_showers, uniq_duvessa,
          uniq_eustachio, uniq_blork_the_orc, uniq_edmund
D:7:      layout_cave_pods, lemuel_mausoleum_altar_yredelemnul, serial_glass,
          glass_columns_c, glass_columns_a, minmay_gold_behind_fungi
D:8:      lemuel_ice_spiral_2, layout_rooms, uniq_maggie, uniq_gastronok,
          uniq_grum
D:9:      layout_irregular_city, chequers_temple_overflow_statue_of_worship,
          david_lair_shrubbed, david_orc_5, roadster_trireme
D:10:     layout_loops_corners, muffindrake_ghost_dual_entry, uniq_lodul,
          uniq_sonja
D:11:     layout_roguey, minmay_fractal_squares_diagonal_5
D:12:     lemuel_ice_statue, layout_basic, grunt_decor_junction
D:13:     layout_cave_pods, serial_shops, nicolae_shop_window_shopping
D:14:     minmay_strange_plus, layout_cave_pools, david_vaults_3,
          ebering_ghost_reflecting_pool
Lair:1:   layout_loops_ring
Lair:2:   layout_hall_layers, mainiacjoe_swamp_entry_lozenge_pond,
          hellmonk_spider_entry_life_and_decay
Lair:3:   layout_regular_city, guppyfry_lair_drakes, lemuel_fruit_tree,
          grunt_megastairs_5
Lair:4:   layout_regular_city, slime_entry_1, serial_bayou_shore_a,
          infiniplex_staircase_pool_2
Lair:5:   grunt_lair_end_beastmaster, layout_cave_pods, serial_bayou_shore_b,
          uniq_nessos
Swamp:1:  layout_basic_swamp, evilmike_swamp_ruin_house_4, swamp_pool_5
Spider:1: layout_cave_pods, hangedman_spider_tarantella_strand, uniq_aizul
Spider:2: layout_cave_pods, einodemon_crawler_minivault, uniq_donald,
          uniq_arachne, uniq_asterion

Skill      XL: |  1  2  3  4  5  6  7  8  9 10 11 12 13 14 15 16 |
---------------+-------------------------------------------------+-----
Fighting       | 4 5 6 7 8 9 10 11 12 13 | 13.3
Dodging        | 1 2 3 5 6 7 8 9 10 11 | 11.2
Armour         | 4 5 6 7 8 9 10 11 12 13 | 13.1
Stealth        | 1 2 3 4 5 6 7 8 9 10 | 10.3
Throwing       | 1 2 3 4 5 6 7 8 9 10 | 10.7
Polearms       | 3 4 5 6 7 8 9 10 11 | 11.0
Invocations    | 1 2 3 4 5 6 7 8 9 |  9.4
Shields        | 4 5 6 7 8 9 10 11 | 11.7

Action                     |  1- 3 |  4- 6 |  7- 9 | 10-12 | 13-15 | 16-18 || total
---------------------------+-------+-------+-------+-------+-------+-------++-------
  Melee: Trident           |   118 |   216 |   357 |    64 |    91 |       ||   846
         Lance             |       |       |       |   600 |  1415 |   261 ||  2276
         Demon trident     |       |       |       |     9 |    30 |    11 ||    50
  Throw: Stone             |     2 |       |     1 |    46 |       |       ||    49
         Dart              |       |     2 |    15 |    18 |    27 |    48 ||   110
         Boomerang         |       |     1 |    11 |    19 |    41 |     5 ||    77
         Throwing net      |       |       |       |       |       |     1 ||     1
 Invoke: Minor Destruction |       |       |     5 |     6 |     2 |       ||    13
         Greater Servant o |       |       |       |     1 |       |     1 ||     2
         Lesser Servant of |       |       |       |       |       |     1 ||     1
Ability: Hop               |       |       |     1 |     1 |     5 |     1 ||     8
    Use: Scroll            |     1 |     8 |     7 |    13 |    10 |     2 ||    41
         Potion            |     1 |     1 |     2 |     3 |     3 |     1 ||    11
   Stab: Sleeping          |       |     2 |     2 |     7 |    36 |     5 ||    52
         Distracted        |       |       |     2 |     3 |     3 |     3 ||    11
         Petrifying        |       |       |       |       |     1 |       ||     1
         Petrified         |       |       |       |       |     1 |       ||     1
 Armour: Scale mail        |    91 |   101 |   141 |       |       |       ||   333
         Steam dragon scal |       |       |   129 |   339 |   718 |   162 ||  1348
  Dodge: Dodged            |    70 |    89 |   224 |   282 |   647 |   154 ||  1466
  Block: Buckler           |    31 |    39 |   123 |   139 |    50 |       ||   382
         Kite shield       |       |       |       |       |   701 |   167 ||   868

Table legend: (Time is in decaauts)
 A = Elapsed time spent in this place.
 B = Non-inter-level travel time spent in this place.
 C = Inter-level travel time spent in this place.
 D = Time resting spent in this place.
 E = Time spent auto-exploring this place.
 F = Levels seen in this place.
 G = Mean time per level.
                   A        B        C        D        E       F      G
               +--------+--------+--------+--------+--------+-----+--------+
         Total |  22982 |  21473 |   1509 |   1936 |  10421 |  22 | 1044.6 |
       Dungeon |  15360 |  14212 |   1148 |   1596 |   6739 |  14 | 1097.1 |
          Lair |   5589 |   5352 |    237 |    114 |   2986 |   5 | 1117.8 |
         Swamp |     60 |     60 |      0 |      0 |      0 |   1 |   60.0 |
   Spider Nest |   1971 |   1847 |    124 |    226 |    695 |   2 |  985.5 |
               +--------+--------+--------+--------+--------+-----+--------+

Top non-repeatable levels by time:
  Lair:5: 1721 daAuts
     D:6: 1398 daAuts
    D:10: 1371 daAuts
    D:12: 1321 daAuts
     D:7: 1320 daAuts
     D:9: 1279 daAuts
     D:8: 1265 daAuts
    D:13: 1253 daAuts
     D:3: 1250 daAuts
Spider:1: 1199 daAuts
    D:11: 1188 daAuts
     D:4: 1150 daAuts
  Lair:4: 1137 daAuts
  Lair:3: 1105 daAuts
     D:2: 971 daAuts
